[Event "Early-Titled-Tuesday-Blitz-April-23-2024"]
[Site "Chess.com"]
[Date "2024.04.23"]
[Round "9"]
[White "tetrix83"]
[Black "KnightDuta"]
[Result "1-0"]
[WhiteElo "2654"]
[BlackElo "2743"]
[TimeControl "180+1"]
[EndTime "9:52:45 PDT"]
[Termination "tetrix83 won by checkmate"]

1. e4 d5 2. exd5 Nf6 3. Nf3 Nxd5 4. d4 Bg4 5. h3 Bxf3 6. Qxf3 e6 7. c3 c5 8. Bb5+ Nd7 9. dxc5 Bxc5 10. O-O O-O 11.
Rd1 Ne5 12. Qe2 Qf6 13. Rf1 Rfd8 14. Qe4 Rac8 15. Be2 Ng6 16. g3 a6 17. h4 h6 18. Nd2 b5 19. Nf3 Nb6 20. h5 Ne7 21.
Bf4 Nc6 22. Rad1 Nd5 23. Bc1 Rb8 24. Kg2 a5 25. Nh2 b4 26. c4 Nde7 27. Ng4 Qf5 28. Qxf5 exf5 29. Ne3 Nd4 30. Bf3 Nxf3 31. Kxf3 g6 32.
Nd5 Nc6 33. Bxh6 Ne5+ 34. Kg2 Nxc4 35. Bg5 Rdc8 36. b3 Ne5 37. Rfe1 Ng4 38. hxg6 Nxf2 39.
Nf6+ Kg7 40. Rd7 Kxg6 41. Bh4 Rh8 42. Nd5 Ne4 43. Nf4+ Kg7 44. Ne6+ Kg6 45. Rxe4 fxe4 46. Nxc5 Rbc8 47. Rd6+ Kh7 48. Nxe4 Rc2+ 49. Kh3 Rxa2 50.
Ng5+ Kg7 51. Kg4 Rb2 52. Rd3 Re8 53. Kf4 Kg6 54. Nf3 Rbe2 55. Rd6+ Kh7 56. Rd7 R8e4+ 57. Kf5 Kg8 58. Bf6 Re8 59. Ng5 Rf2+ 60. Kg4 Rxf6 61. Ra7 Rg6 62. Rxa5 Re5 63. Rxe5 Rd6 64. Re8+ Kg7 65.
Re4 Rd3 66. Nf3 Rxb3 67. Kf4 Rb1 68. Ne5 b3 69. Rb4 b2 70. Kg4 Kf6 71. Nc4 Kg6 72. Nxb2 f5+ 73. Kf3 Kg5 74. Nd3 Rd1 75. Nf2 Rd5 76.
Nh3+ Kf6 77. Nf2 Ra5 78. Rb3 Kg5 79. Rd3 Rc5 80. Re3 Rb5 81. Nh3+ Kf6 82. Nf4 Rb1 83.
Re6+ Kf7 84. Rc6 Re1 85. Kg2 Re3 86. Kh3 Re8 87. Kh4 Rh8+ 88. Nh5 Rg8 89. Nf4 Ke7 90. Rc7+ Kf6 91. Rc6+ Ke5 92. Rg6 Rh8+ 93. Kg5 Ke4 94. Kf6 Rf8+ 95. Ke7 Rh8 96. Ne6 Kf3 97. Nd4+ Ke4 98. Ne6 Kf3 99. Kf6 Ke4 100. Ng5+ Ke3 101. Kxf5 Kf2 102. Ne4+ Kf3 103. Rf6 Rh5+ 104. Kg6+ Kg4 105. Nf2+ Kxg3 106. Kxh5 Kg2 107. Kg5 Kg3 108. Ng4 Kg2 109. Rc6 Kg3 110. Rc3+ Kg2 111. Kf4 Kf1 112. Ke3 Ke1 113.
Rc1# 1-0

[Event "Early-Titled-Tuesday-Blitz-April-23-2024"]
[Site "Chess.com"]
[Date "2024.04.23"]
[Round "9"]
[White "wild3000"]
[Black "MIss_MIaMI"]
[Result "1-0"]
[WhiteElo "2476"]
[BlackElo "2338"]
[TimeControl "180+1"]
[EndTime "9:53:07 PDT"]
[Termination "wild3000 won by checkmate"]

1. d4 c5 2. dxc5 Na6 3. Nf3 Nxc5 4. g3 Nf6 5. Bg2 d6 6. O-O g6 7. Nbd2 Bg7 8. Nb3 Nce4 9. c3 O-O 10. h3 b6 11. Be3 Bb7 12. a4 Nd5 13. Bd2 Nxd2 14. Nfxd2 Qc7 15. Ne4 Rac8 16. Qd3 Nf6 17. Nxf6+ Bxf6 18.
Bxb7 Qxb7 19. e4 Rfd8 20. Rfe1 Bg7 21. Qe2 Qd7 22. Kg2 Qe6 23. Nd2 Rc7 24. Nf3 Rdc8 25. a5 Rc4 26. axb6 axb6 27. Ra7 R4c7 28. Rxc7 Rxc7 29. Qb5 Rb7 30. Qe8+ Bf8 31. e5 d5 32. Nd4 Qd7 33. Qxd7 Rxd7 34. e6 Rc7 35. f4 Bg7 36. Nf3 Ra7 37. exf7+ Kxf7 38. Ng5+ Kg8 39. Rd1 h6 40. Nf3 e6 41. Rd2 Kf7 42. Kf2 Ra1 43.
h4 Rb1 44. Re2 Rd1 45. Ne1 d4 46. cxd4 Bxd4+ 47. Kg2 Rb1 48. Nd3 Rd1 49. Nb4 Bc5 50. Nc2 Rb1 51. Ne1 Ke7 52. Nf3 Kd6 53. g4 b5 54. g5 h5 55. Ne5 Bd4 56. Nxg6 Rxb2 57. Kf3 Rxe2 58. Kxe2 b4 59. Kd3 Bf2 60. Kc4 Be1 61.
Ne5 Bxh4 62. Kxb4 Bg3 63. Nd3 h4 64. g6 Ke7 65. Kc4 h3 66. Ne5 h2 67. g7 h1=Q 68. g8=Q Qc1+ 69. Kd4 Qxf4+ 70. Kd3 Qxe5 71. Qh7+ Kd6 72.
Qg8 Bf4 73. Kc4 Qd5+ 74. Kb4 Qc5+ 75. Kb3 Ke5 76. Qg7+ Ke4 77. Qg6+ Ke3 78. Qxe6+ Kf3 79. Qc4 Qb6+ 80. Kc2 Qg1 81. Qd3+ Be3 82. Qd5+ Ke2 83. Qc4+ Kf2 84. Qf7+ Ke2 85. Qc4+ Kf3 86. Qd5+ Kf4 87. Qd6+ Ke4 88. Qe6+ Kd4 89. Qb6+ Kd5 90. Qb5+ Bc5 91. Qd7+ Ke5 92. Qe8+ Kd5 93. Qd7+ Bd6 94. Qb5+ Ke6 95.
Qc4+ Kd7 96. Qf7+ Kc6 97. Qe8+ Kc7 98. Qf7+ Kb6 99. Qb3+ Kc6 100. Qc3+ Bc5 101. Qf3+ Kb5 102. Qd3+ Kb6 103. Qb3+ Kc7 104. Qf7+ Kc6 105. Qe6+ Bd6 106. Qe4+ Kd7 107. Qh7+ Be7 108. Qf5+ Ke8 109. Qd3 Qg2+ 110. Kb3 Qb7+ 111. Kc3 Qb4+ 112. Kc2 Qa4+ 113. Qb3 Qc6+ 114. Qc3 Qg2+ 115. Qd2 Qg6+ 116. Qd3 Qa6 117. Qxa6 Kd7 118. Kd3 Bd6 119. Ke4 Bc7 120. Kd5 Bd8 121. Qd6+ Ke8 122. Qe6+ Be7 123. Kc6 Kd8 124. Qd7# 1-0

[Event "Early-Titled-Tuesday-Blitz-April-23-2024"]
[Site "Chess.com"]
[Date "2024.04.23"]
[Round "10"]
[White "Anu-triz"]
[Black "balack95"]
[Result "0-1"]
[WhiteElo "2165"]
[BlackElo "2415"]
[TimeControl "180+1"]
[EndTime "9:55:59 PDT"]
[Termination "balack95 won by resignation"]

1. e4 c5 2. d3 d5 3. exd5 Qxd5 4.
Nc3 Qd8 5. Nf3 Nf6 6. g3 g6 7.
Bg2 Bg7 8. Kf1 O-O 9. Kg1 Nc6 10.
h3 e5 11. Kh2 Re8 12. Re1 h6 13.
Be3 Nd4 14. Qd2 Rb8 15. Bxh6 b5 16. Bxg7 Nxf3+ 17. Bxf3 Kxg7 18. a3 Rh8 19. Bg2 Bxh3 20. Bxh3 Qd7 21. g4 Rxh3+ 22. Kxh3 Qxg4+ 23. Kh2 Rh8+ 0-1

[Event "Early-Titled-Tuesday-Blitz-April-23-2024"]
[Site "Chess.com"]
[Date "2024.04.23"]
[Round "10"]
[White "DrVelja"]
[Black "koncheto"]
[Result "1-0"]
[WhiteElo "2982"]
[BlackElo "2647"]
[TimeControl "180+1"]
[EndTime "9:56:20 PDT"]
[Termination "DrVelja won by resignation"]

1. d4 Nf6 2. c4 e6 3. Nc3 c5 4.
Nf3 cxd4 5. Nxd4 Nc6 6. g3 Be7 7.
Bg2 O-O 8. O-O a6 9. e4 Qc7 10. b3 d6 11. Be3 Bd7 12. Rc1 Ne5 13. h3 Rac8 14. f4 Ng6 15. Qe2 Qb8 16. a4 Rfd8 17. g4 e5 18. Nf5 Bxf5 19. exf5 Nxf4 20. Bxf4 exf4 21. Qxe7 Qa7+ 22. Kh1 Re8 23. Qxb7 Qe3 24. Qf3 1-0

[Event "Early-Titled-Tuesday-Blitz-April-23-2024"]
[Site "Chess.com"]
[Date "2024.04.23"]
[Round "10"]
[White "Likvidator228"]
[Black "GelmanAlexander"]
[Result "0-1"]
[WhiteElo "2515"]
[BlackElo "2642"]
[TimeControl "180+1"]
[EndTime "9:56:40 PDT"]
[Termination "GelmanAlexander won by resignation"]

1. d4 Nf6 2. Nf3 c5 3. c3 b6 4. Bf4 Bb7 5. e3 d6 6. h3 Nbd7 7. Nbd2 h6 8. Bc4 a6 9. a4 g5 10. Bh2 Rg8 11. Qb3 e6 12. Qc2 h5 13. e4 g4 14.
hxg4 hxg4 15. Ng1 cxd4 16. cxd4 Rc8 17. Qd3 d5 18. exd5 Nxd5 19. Bg3 Nb4 20. Qb3 b5 21.
axb5 axb5 22. Bxb5 Nc2+ 23. Ke2 Nxd4+ 0-1

[Event "Early-Titled-Tuesday-Blitz-April-23-2024"]
[Site "Chess.com"]
[Date "2024.04.23"]
[Round "10"]
[White "kekic76"]
[Black "Balla_Tamas"]
[Result "0-1"]
[WhiteElo "2349"]
[BlackElo "2528"]
[TimeControl "180+1"]
[EndTime "9:56:54 PDT"]
[Termination "Balla_Tamas won by resignation"]

1. c4 c5 2. Nc3 Nc6 3. Nf3 g6 4.
g3 Bg7 5. Bg2 e6 6. O-O Nge7 7.
d3 d5 8. Bd2 O-O 9. Qc1 d4 10.
Nb5 a6 11. Na3 e5 12. Nc2 f5 13. b4 e4 14. Nfe1 e3 15. fxe3 dxe3 16. Nxe3 cxb4 17. Rb1 a5 18. Nd5 Nd4 19. Qd1 Be6 20. Nxe7+ Qxe7 21. Nf3 Rad8 22. Bg5 Nxf3+ 23. Bxf3 Qxg5 24. Bxb7 Bxc4 25. Kg2 Bd5+ 26. Bxd5+ Rxd5 27. Qb3 Rd8 28. e4 a4 29. Qc4 Qd2+ 30. Rf2 Qxd3 31. Qxd5+ Rxd5 32. exd5 Qxb1 0-1

[Event "Early-Titled-Tuesday-Blitz-April-23-2024"]
[Site "Chess.com"]
[Date "2024.04.23"]
[Round "10"]
[White "Crazy_girl99"]
[Black "Fernando_Offermann"]
[Result "1-0"]
[WhiteElo "2610"]
[BlackElo "2477"]
[TimeControl "180+1"]
[EndTime "9:56:56 PDT"]
[Termination "Crazy_girl99 won by resignation"]

1. e4 c5 2. Nf3 d6 3. d4 cxd4 4. Nxd4 Nf6 5. Nc3 a6 6. h3 e5 7. Nde2 h5 8. g3 Be6 9. Bg2 Nbd7 10. Be3 Rc8 11. O-O b5 12. b3 Be7 13. Qd2 Qc7 14. a3 O-O 15. f4 Nc5 16. f5 Bd7 17. Bg5 Bc6 18. Qe3 Qb7 19. Bxf6 Bxf6 20. g4 hxg4 21. hxg4 Bh4 22. Rad1 Rcd8 23. g5 Qe7 24. f6 gxf6 25.
gxf6 Bxf6 26. Ng3 Bg5 27. Qf3 Bf4 28. Nf5 Qg5 29. Qh3 Rd7 30. Kf2 f6 31. Rh1 Kf7 32. Bf3 Ke8 33. Rdg1 Be3+ 34. Nxe3 Qf4 35. Rg4 Nxe4+ 36.
Nxe4 1-0

[Event "Early-Titled-Tuesday-Blitz-April-23-2024"]
[Site "Chess.com"]
[Date "2024.04.23"]
[Round "10"]
[White "Louis-Paulsen-Fan"]
[Black "PawnEatingZombie"]
[Result "1-0"]
[WhiteElo "2351"]
[BlackElo "2232"]
[TimeControl "180+1"]
[EndTime "9:56:56 PDT"]
[Termination "Louis-Paulsen-Fan won by resignation"]

1. d4 Nf6 2. Nf3 g6 3. c4 Bg7 4. Nc3 O-O 5. e4 d6 6. Be2 e5 7. O-O exd4 8. Nxd4 Re8 9. f3 c6 10. Nc2 Na6 11. Be3 Nc7 12. Qd2 d5 13. Rad1 Be6 14. e5 Nd7 15. cxd5 Nxd5 16. Nxd5 cxd5 17. f4 f6 18. Nd4 fxe5 19. Nxe6 Rxe6 20. Qxd5 Qe7 21. Qxd7 exf4 22. Bc4 Qxd7 23. Rxd7 fxe3 24. Bxe6+ Kh8 25. Rff7 1-0

[Event "Early-Titled-Tuesday-Blitz-April-23-2024"]
[Site "Chess.com"]
[Date "2024.04.23"]
[Round "10"]
[White "oggy1984"]
[Black "campochess"]
[Result "1-0"]
[WhiteElo "2376"]
[BlackElo "2146"]
[TimeControl "180+1"]
[EndTime "9:56:58 PDT"]
[Termination "oggy1984 won by resignation"]

1. h4 d5 2. c4 c6 3. Nf3 Nf6 4. b3 e6 5. Bb2 Be7 6. Qc2 a6 7. d3 Nbd7 8. Nbd2 b5 9. g4 Nxg4 10.
Bxg7 Bf6 11. Bxh8 Bxh8 12. d4 f5 13. e3 Ndf6 14. Rg1 Bd7 15. Ne5 Nxe5 16. dxe5 Ne4 17.
Rg8+ Ke7 18. Rxd8 Rxd8 19. Nxe4 fxe4 20. f4 exf3 21. Qxh7+ 1-0

[Event "Early-Titled-Tuesday-Blitz-April-23-2024"]
[Site "Chess.com"]
[Date "2024.04.23"]
[Round "10"]
[White "djano"]
[Black "inagreV"]
[Result "1-0"]
[WhiteElo "2625"]
[BlackElo "2410"]
[TimeControl "180+1"]
[EndTime "9:56:59 PDT"]
[Termination "djano won by resignation"]

1. e4 e6 2. Qe2 e5 3. Nf3 Nc6 4. g3 Bc5 5. Bg2 d6 6. O-O Nf6 7. h3 O-O 8. c3 a5 9. d3 h6 10. Nbd2 a4 11. Nc4 Kh7 12. Be3 Qe7 13. Bxc5 dxc5 14.
Ne3 Be6 15. Nh4 g6 16. Nd5 Qd8 17. Qf3 Ng8 18. Qe3 b6 19. f4 exf4 20. Nxf4 Bd7 21. e5 Qg5 22. d4 cxd4 23. cxd4 Rae8 24. Rac1 Nxe5 25. dxe5 Rxe5 26. Qf2 c5 27. Nf3 1-0

[Event "Early-Titled-Tuesday-Blitz-April-23-2024"]
[Site "Chess.com"]
[Date "2024.04.23"]
[Round "10"]
[White "kiwibobo"]
[Black "SaiAgni_98"]
[Result "0-1"]
[WhiteElo "2317"]
[BlackElo "2470"]
[TimeControl "180+1"]
[EndTime "9:57:02 PDT"]
[Termination "SaiAgni_98 won by resignation"]

1. e4 d6 2. d4 Nf6 3. Nc3 Nbd7 4. g4 h6 5. Bg2 e5 6. Nf3 Nxg4 7. h3 Ngf6 8. Rg1 g6 9. Be3 Bg7 10. Qd2 c6 11. O-O-O Qa5 12. Kb1 Nb6 13. dxe5 Nc4 14. Qd4 Qb4 15. Bc1 Na3+ 16. Ka1 Nxc2+ 17. Kb1 Nxd4 18.
Rxd4 Qc5 19. exf6 Bxf6 20. Rdd1 Bxc3 21. bxc3 Be6 22. Nd4 Bc4 23. Bb2 O-O-O 24. Nb3 Qxf2 25. Rdf1 Bxf1 0-1

[Event "Early-Titled-Tuesday-Blitz-April-23-2024"]
[Site "Chess.com"]
[Date "2024.04.23"]
[Round "10"]
[White "toninhojit"]
[Black "Skatchkov_V"]
[Result "0-1"]
[WhiteElo "2549"]
[BlackElo "2670"]
[TimeControl "180+1"]
[EndTime "9:57:04 PDT"]
[Termination "Skatchkov_V won by resignation"]

1. d4 d5 2. c4 e6 3. Nf3 Nf6 4. Nc3 c5 5. e3 cxd4 6. exd4 Bb4 7. Bd3 dxc4 8. Bxc4 O-O 9. O-O b6 10. Qe2 Bb7 11.
Bg5 Nbd7 12. a3 Bxc3 13. bxc3 Qc7 14. Rac1 h6 15. Bh4 Rac8 16. Bd3 Bd5 17. Bg3 Qb7 18. Ba6 Bxf3 19. gxf3 Qd5 20. Bxc8 Rxc8 21. Rfe1 Nf8 22.
Qd3 Ng6 23. c4 Qg5 24. Qe3 Qf5 25. c5 bxc5 26. dxc5 h5 27. h4 Nd5 28. Qe4 Qh3 29.
c6 Ndf4 30. Qxf4 Nxf4 31. Bxf4 Qxf3 32. Bg3 Rxc6 0-1

[Event "Early-Titled-Tuesday-Blitz-April-23-2024"]
[Site "Chess.com"]
[Date "2024.04.23"]
[Round "10"]
[White "LaPiToB"]
[Black "ilqar_74"]
[Result "0-1"]
[WhiteElo "2332"]
[BlackElo "2736"]
[TimeControl "180+1"]
[EndTime "9:57:14 PDT"]
[Termination "ilqar_74 won by resignation"]

1. c4 Nf6 2. d4 g6 3. Nc3 Bg7 4.
e4 d6 5. Be2 O-O 6. Nf3 e5 7. d5 Nbd7 8. O-O Nh5 9. Bg5 f6 10. Be3 a6 11. b4 Nf4 12. Rc1 Nxe2+ 13.
Qxe2 f5 14. c5 Nf6 15. exf5 gxf5 16. cxd6 cxd6 17. Na4 f4 18. Bb6 Qe8 19. Rc7 Qxa4 20. Rfc1 Qb5 21. Qxb5 axb5 22. Ng5 Nxd5 0-1

[Event "Early-Titled-Tuesday-Blitz-April-23-2024"]
[Site "Chess.com"]
[Date "2024.04.23"]
[Round "10"]
[White "Slovineanu"]
[Black "Chesstiger64"]
[Result "0-1"]
[WhiteElo "2485"]
[BlackElo "2380"]
[TimeControl "180+1"]
[EndTime "9:57:29 PDT"]
[Termination "Chesstiger64 won by resignation"]

1. d4 Nf6 2. Nf3 e6 3. c4 c5 4. d5 b5 5. dxe6 fxe6 6. Bg5 Be7 7. cxb5 a6 8. e3 axb5 9. Bxb5 Qa5+ 10. Nc3 Ne4 11.
Bxe7 Nxc3 12. bxc3 Kxe7 13. Qb3 Ba6 14. Bxa6 Qxa6 15.
c4 Qa5+ 16. Ke2 Nc6 17. Rhb1 Rhb8 18. Qc2 Rxb1 19. Qxb1 Qc3 20. Qc1 Rxa2+ 0-1

[Event "Early-Titled-Tuesday-Blitz-April-23-2024"]
[Site "Chess.com"]
[Date "2024.04.23"]
[Round "10"]
[White "MatthewG-p4p"]
[Black "IwkooO"]
[Result "1-0"]
[WhiteElo "2902"]
[BlackElo "2712"]
[TimeControl "180+1"]
[EndTime "9:57:34 PDT"]
[Termination "MatthewG-p4p won by resignation"]

1. e4 c5 2. c3 d5 3. exd5 Qxd5 4. d4 Nf6 5. Nf3 e6 6. Na3 Nc6 7. Be3 cxd4 8. Nb5 Qd8 9. Nbxd4 Nd5 10. Nxc6 bxc6 11.
Bd4 f6 12. Bc4 e5 13. Nxe5 fxe5 14. Qh5+ g6 15. Qxe5+ Qe7 16. Qxe7+ Bxe7 17. Bxh8 Rb8 18. O-O-O Bg5+ 19. Kb1 Kf7 20. Be5 Bf5+ 21. Bd3 Re8 22. Bxf5 Rxe5 23. Bd3 1-0

[Event "Early-Titled-Tuesday-Blitz-April-23-2024"]
[Site "Chess.com"]
[Date "2024.04.23"]
[Round "10"]
[White "Ural_bogatyr"]
[Black "only_strong_moves"]
[Result "0-1"]
[WhiteElo "2572"]
[BlackElo "2704"]
[TimeControl "180+1"]
[EndTime "9:57:38 PDT"]
[Termination "only_strong_moves won by resignation"]

1. d4 d5 2. Nc3 Nf6 3. Bf4 c5 4. e4 Nxe4 5. Nxe4 dxe4 6. dxc5 Qa5+ 7.
c3 Qxc5 8. Qa4+ Nc6 9. Qxe4 g6 10. Nf3 Bg7 11. Qe3 Qxe3+ 12. Bxe3 O-O 13. Be2 Bf5 14. O-O Rfd8 15. Rfd1 e5 16. Kf1 a6 17. Bb6 Re8 18. Nd2 Ne7 19. Nc4 Nc8 20. Be3 Bf8 21. Bf3 Rb8 22. Nb6 Nd6 23. Bd5 Red8 24. f3 Kg7 25. g4 Bd7 26. a4 Be8 27. Kf2 Be7 28.
Rd2 f5 29. gxf5 Nxf5 30. a5 Nxe3 31. Kxe3 Bg5+ 0-1

[Event "Early-Titled-Tuesday-Blitz-April-23-2024"]
[Site "Chess.com"]
[Date "2024.04.23"]
[Round "10"]
[White "Eliwood44"]
[Black "Sofia_Blokhin"]
[Result "0-1"]
[WhiteElo "2452"]
[BlackElo "2290"]
[TimeControl "180+1"]
[EndTime "9:57:38 PDT"]
[Termination "Sofia_Blokhin won by checkmate"]

1. d4 f5 2. e4 fxe4 3. Nc3 Nf6 4. Bg5 c6 5. f3 d5 6. fxe4 dxe4 7. Bc4 b5 8. Bb3 b4 9. Na4 e6 10. Ne2 Be7 11.
O-O O-O 12. c3 Kh8 13. Kh1 Ng4 14. Rxf8+ Qxf8 15. Bxe7 Qxe7 16. Qg1 e3 17. h3 Nf2+ 18.
Kh2 Qh4 19. Qf1 e5 20. dxe5 Nd7 21. e6 Ne5 22. Ng1 Neg4# 0-1

[Event "Early-Titled-Tuesday-Blitz-April-23-2024"]
[Site "Chess.com"]
[Date "2024.04.23"]
[Round "10"]
[White "CarlosjPineror"]
[Black "KubaGepard"]
[Result "1-0"]
[WhiteElo "2769"]
[BlackElo "2608"]
[TimeControl "180+1"]
[EndTime "9:57:39 PDT"]
[Termination "CarlosjPineror won by resignation"]

1. e4 e5 2. Nf3 Nc6 3. Bb5 a6 4.
Ba4 Nf6 5. d4 exd4 6. e5 Ne4 7.
O-O Nc5 8. Bxc6 dxc6 9. Nxd4 Be7 10. Nc3 O-O 11. Be3 Ne6 12. Nf5 Bb4 13. Qg4 Bxc3 14. bxc3 g6 15. Rad1 Qe8 16. Nh6+ Kh8 17. f4 f5 18. exf6 Rxf6 19. Qh4 Qf8 20. g4 Nxf4 21.
Rxf4 Rxf4 22. Rd8 1-0

[Event "Early-Titled-Tuesday-Blitz-April-23-2024"]
[Site "Chess.com"]
[Date "2024.04.23"]
[Round "10"]
[White "Raskolnikov6"]
[Black "hongnhung1234"]
[Result "1-0"]
[WhiteElo "2404"]
[BlackElo "2526"]
[TimeControl "180+1"]
[EndTime "9:57:41 PDT"]
[Termination "Raskolnikov6 won by resignation"]

1. d4 Nf6 2. c4 c5 3. d5 e6 4. Nc3 exd5 5. cxd5 d6 6. e4 g6 7. f4 Bg7 8. Bb5+ Nbd7 9. e5 dxe5 10. fxe5 Qe7 11. Qe2 Nh5 12. e6 O-O 13. exd7 Qh4+ 14.
Qf2 Qe7+ 15. Nge2 Bxd7 16. Bxd7 Qxd7 17. O-O b5 18. Qxc5 a6 19. Be3 Rac8 20. Qa7 Qd6 21. Rad1 Be5 22. g3 f5 23. Qb6 Qb4 24. Qe6+ 1-0

[Event "Early-Titled-Tuesday-Blitz-April-23-2024"]
[Site "Chess.com"]
[Date "2024.04.23"]
[Round "10"]
[White "GlennTipton"]
[Black "AlainBruxelles"]
[Result "1-0"]
[WhiteElo "2500"]
[BlackElo "2357"]
[TimeControl "180+1"]
[EndTime "9:57:45 PDT"]
[Termination "GlennTipton won by resignation"]

1. e4 c5 2. Nf3 d6 3. d4 cxd4 4.
Nxd4 Nf6 5. Nc3 Nc6 6. Bc4 e6 7. Be3 a6 8. Qe2 Bd7 9. O-O-O Qc7 10. Rhg1 b5 11. Bb3 b4 12. Na4 Nxe4 13. Nxe6 fxe6 14. Bb6 Qb8 15. Qxe4 Ne5 16. Bc7 Qa7 17. Bxd6 Bxd6 18. Rxd6 Nf7 19. Rxe6+ Bxe6 20. Qxe6+ Kf8 21. Nb6 Re8 22.
Nd7+ 1-0

[Event "Early-Titled-Tuesday-Blitz-April-23-2024"]
[Site "Chess.com"]
[Date "2024.04.23"]
[Round "10"]
[White "wqws"]
[Black "NigiriSushies"]
[Result "0-1"]
[WhiteElo "2675"]
[BlackElo "2459"]
[TimeControl "180+1"]
[EndTime "9:57:56 PDT"]
[Termination "NigiriSushies won by resignation"]

1. e4 c5 2. Nf3 d6 3. d4 cxd4 4. Nxd4 Nf6 5. Nc3 a6 6. Bg5 e6 7. f4 h6 8. Bh4 Qb6 9. a3 Be7 10. Bf2 Qc7 11. Qf3 Nbd7 12. O-O-O b5 13. g4 Bb7 14. h4 Nc5 15. Bd3 d5 16. e5 Nfe4 17. Bxe4 Nxe4 18. Nxe4 dxe4 19. Qe3 Rc8 20. Kb1 Bd5 21. Rd2 b4 22. a4 Qc4 23. Nb3 Bc5 24. Rd4 Bxd4 25. Nxd4 Qa2+ 26. Kc1 Qa1+ 27. Kd2 Qxh1 28.
f5 Qg2 29. Qf4 e3+ 30. Kxe3 O-O 31. f6 gxf6 32. exf6 e5 33. Qxh6 exd4+ 34. Kd3 Qe4+ 35. Kd2 Rxc2+ 0-1

[Event "Early-Titled-Tuesday-Blitz-April-23-2024"]
[Site "Chess.com"]
[Date "2024.04.23"]
[Round "10"]
[White "kacperkarwowski"]
[Black "JonasEilenberg"]
[Result "1-0"]
[WhiteElo "2524"]
[BlackElo "2718"]
[TimeControl "180+1"]
[EndTime "9:58:00 PDT"]
[Termination "kacperkarwowski won by resignation"]

1. e4 c5 2. Nf3 Nc6 3. d4 cxd4 4. Nxd4 Nf6 5. Nc3 e5 6. Ndb5 d6 7. Bg5 a6 8. Na3 b5 9. Nd5 Be7 10. Bxf6 Bxf6 11. c3 Ne7 12. Nxf6+ gxf6 13. g3 Bb7 14. Bg2 f5 15. Qe2 h5 16. Nc2 h4 17. O-O-O Qb6 18. Bf3 fxe4 19. Bxe4 d5 20. Bxd5 Bxd5 21.
Rxd5 f6 22. Rd3 Rd8 23. Rxd8+ Qxd8 24. Rd1 Qb6 25. Ne3 hxg3 26. hxg3 Qc6 27. Qd3 b4 28.
Qd8+ Kf7 29. Qxh8 bxc3 30. Qh7+ Ke6 31. Qc2 cxb2+ 32. Kxb2 Qf3 33. Qb3+ 1-0

[Event "Early-Titled-Tuesday-Blitz-April-23-2024"]
[Site "Chess.com"]
[Date "2024.04.23"]
[Round "10"]
[White "Witik"]
[Black "m_ezat"]
[Result "1-0"]
[WhiteElo "2776"]
[BlackElo "2629"]
[TimeControl "180+1"]
[EndTime "9:58:04 PDT"]
[Termination "Witik won by resignation"]

1. d4 Nf6 2. Nf3 g6 3. c3 Bg7 4.
Bg5 O-O 5. Nbd2 d5 6. e3 c5 7. Be2 Nc6 8. O-O b6 9. Ne5 Nxe5 10. dxe5 Ne4 11. Nxe4 dxe4 12. Qa4 Qd2 13. Bb5 f6 14. exf6 exf6 15. Bf4 Qxb2 16. Bc6 Be6 17. Bxa8 Rxa8 18. Qc6 1-0

[Event "Early-Titled-Tuesday-Blitz-April-23-2024"]
[Site "Chess.com"]
[Date "2024.04.23"]
[Round "10"]
[White "RantomOpening"]
[Black "SahibSinghKnight"]
[Result "1/2-1/2"]
[WhiteElo "2527"]
[BlackElo "2635"]
[TimeControl "180+1"]
[EndTime "9:58:08 PDT"]
[Termination "Game drawn by repetition"]

1. c4 e5 2. Nc3 d6 3. Nf3 Nc6 4. e3 f5 5. d4 e4 6. Ng1 Nf6 7. h4 g6 8. Nge2 Bg7 9. Nf4 O-O 10. g3 Ne7 11. Be2 c6 12. b3 h6 13. Ba3 Kh7 14. Qd2 b6 15. c5 bxc5 16. dxc5 Nfd5 17. Ncxd5 Nxd5 18. Bb2 Bxb2 19. Qxb2 Qa5+ 20. Qd2 Qxd2+ 21. Kxd2 dxc5 22. Nxd5 cxd5 23. Rac1 c4 24. bxc4 Be6 25.
cxd5 Bxd5 26. Rc7+ Rf7 27. Rc2 Rd8 28. Ke1 Rb7 29.
Kf1 Rdb8 30. Kg2 Rb2 31. Rhc1 Bxa2 32. Rxb2 Rxb2 33. Rc7+ Kg8 34. Bd1 a6 35. Rc6 Kg7 36. Rxa6 Rd2 37. Ra7+ Kf6 38. Ra6+ Kg7 39. Ra7+ Kf6 40.
Ra6+ Kg7 1/2-1/2

[Event "Early-Titled-Tuesday-Blitz-April-23-2024"]
[Site "Chess.com"]
[Date "2024.04.23"]
[Round "10"]
[White "wonderfultime"]
[Black "Maxfan2008"]
[Result "1-0"]
[WhiteElo "3074"]
[BlackElo "2656"]
[TimeControl "180+1"]
[EndTime "9:58:15 PDT"]
[Termination "wonderfultime won by resignation"]

1. d4 Nf6 2. Nf3 e6 3. Bf4 b6 4. e3 Bb7 5. Bd3 Be7 6. Nbd2 Nh5 7. Bg3 Nxg3 8. hxg3 h6 9. Qe2 O-O 10. e4 d6 11. Qe3 Nd7 12. O-O-O Nf6 13. Qf4 Nh7 14. Rh5 e5 15. Qe3 Nf6 16. Rh4 Nh7 17.
Rhh1 Bf6 18. dxe5 dxe5 19. Rh5 Re8 20. Rdh1 Nf8 21. g4 Nh7 22. Bc4 Bc8 1-0

[Event "Early-Titled-Tuesday-Blitz-April-23-2024"]
[Site "Chess.com"]
[Date "2024.04.23"]
[Round "10"]
[White "lamomiajunior"]
[Black "artin10862"]
[Result "1-0"]
[WhiteElo "2752"]
[BlackElo "2908"]
[TimeControl "180+1"]
[EndTime "9:58:15 PDT"]
[Termination "lamomiajunior won by resignation"]

1. d4 Nf6 2. Nc3 g6 3. e4 d6 4. Be3 Bg7 5. Qd2 h5 6. f3 a6 7. a4 b6 8. Bc4 Bb7 9. Nge2 Nbd7 10. h4 e6 11. Nf4 Qe7 12. O-O-O b5 13. Bb3 O-O 14. g4 hxg4 15. h5 b4 16. h6 bxc3 17.
Qh2 cxb2+ 18. Kb1 g3 19. Qh3 Nh5 20. hxg7 Rfe8 21. Nxh5 gxh5 22. Qxh5 f6 23. Qh7+ 1-0

[Event "Early-Titled-Tuesday-Blitz-April-23-2024"]
[Site "Chess.com"]
[Date "2024.04.23"]
[Round "10"]
[White "guillembaches"]
[Black "KetiTsatsalashvili"]
[Result "1-0"]
[WhiteElo "2580"]
[BlackElo "2424"]
[TimeControl "180+1"]
[EndTime "9:58:17 PDT"]
[Termination "guillembaches won by checkmate"]

1. e4 c5 2. Nf3 d6 3. d4 cxd4 4. Qxd4 Nf6 5. Bb5+ Bd7 6. c4 Nc6 7. Qd3 h6 8. Nc3 Rc8 9. O-O a6 10. Bxc6 Bxc6 11. h3 e6 12. Nd4 Qc7 13. b3 Be7 14. Bb2 O-O 15. Rac1 Qb8 16. f4 Rfd8 17. f5 e5 18.
Nde2 b5 19. Nd5 Nxd5 20. cxd5 Bd7 21. f6 Bxf6 22. Rxf6 gxf6 23. Rf1 f5 24. exf5 Kf8 25. f6 Qb6+ 26. Kh1 Bc6 27. Qh7 Ke8 28. Qg8+ Kd7 29.
Qxf7# 1-0

[Event "Early-Titled-Tuesday-Blitz-April-23-2024"]
[Site "Chess.com"]
[Date "2024.04.23"]
[Round "10"]
[White "Pasmendjambvirgulptipon98"]
[Black "Silvederione"]
[Result "0-1"]
[WhiteElo "2361"]
[BlackElo "2489"]
[TimeControl "180+1"]
[EndTime "9:58:18 PDT"]
[Termination "Silvederione won by resignation"]

1. Nf3 Nf6 2. g3 g6 3. Bg2 Bg7 4. O-O O-O 5. d3 d6 6. Nbd2 c5 7. e4 Nc6 8. Re1 Rb8 9. h4 b5 10. Nf1 a5 11. Be3 a4 12. Qd2 Ng4 13. Bf4 Bxb2 14.
c3 Bxa1 15. Rxa1 e5 16. Bg5 f6 17. Bh6 Nxh6 18. Qxh6 b4 19. h5 Qe8 20. Nh4 g5 21.
Nf5 Bxf5 22. exf5 Ne7 23. Ne3 Qf7 24. cxb4 Kh8 25. Be4 Ng8 26. Qg6 hxg6 27. hxg6 Qg7 28. Kg2 cxb4 29. Rh1+ Qh6 30. Rg1 b3 31. axb3 axb3 32.
Ng4 Qh5 33. Bf3 Nh6 34. Nxe5 g4 35. g7+ Kxg7 0-1

[Event "Early-Titled-Tuesday-Blitz-April-23-2024"]
[Site "Chess.com"]
[Date "2024.04.23"]
[Round "10"]
[White "ljuks68"]
[Black "ragnaroek66"]
[Result "0-1"]
[WhiteElo "2384"]
[BlackElo "2529"]
[TimeControl "180+1"]
[EndTime "9:58:19 PDT"]
[Termination "ragnaroek66 won by resignation"]

1. e4 c6 2. d4 d5 3. e5 Bf5 4.
Nd2 e6 5. Nb3 Ne7 6. Nf3 Ng6 7.
Be2 Nd7 8. O-O f6 9. exf6 Qxf6 10. c4 Bd6 11. Bg5 Qf7 12. Be3 h6 13. h3 O-O 14.
Nfd2 Nf4 15. Bg4 h5 16. Bxf4 Bxg4 17. hxg4 Qxf4 18. g3 Qxg4 19. Qxg4 hxg4 20. Rfe1 Rae8 21.
Na5 Bb4 0-1